 Dungeon Crawl Stone Soup version 0.22-a0-482-g76e0a5f (webtiles) character file.

25 kr3s1m1r the Digger (level 3, 10/24 HPs)
             Began as a Formicid Earth Elementalist on June 17, 2018.
             Got out of the dungeon alive.
             The game lasted 00:03:26 (833 turns).

kr3s1m1r the Digger (Formicid Earth Elementalist)    Turns: 833, Time: 00:03:27

Health: 10/24      AC:  2    Str: 12    XL:     3   Next: 17%
Magic:  7/7        EV: 12    Int: 15    God:
Gold:   26         SH:  0    Dex: 11    Spells: 6/7 levels left

rFire    . . .     SeeInvis +   e - +0 spear
rCold    . . .     Gourm    .   (no shield)
rNeg     . . .     Faith    .   c - +0 robe
rPois    .         Spirit   .   (helmet unavailable)
rElec    .         Reflect  .   (no cloak)
rCorr    .         Harm     .   (no gloves)
MR       .....                  (no boots)
Stlth    ++........             (no amulet)
HPRegen  0.08/turn              a - ring of see invisible
MPRegen  0.10/turn              (no ring)

@: no status effects
A: permanent stasis, dig shafts and tunnels, four strong arms, antennae 3
a: Dig, Shaft Self


You escaped.
You were not hungry.

You visited 1 branch of the dungeon, and saw 1 of its levels.

You collected 26 gold pieces.

Inventory:

Hand Weapons
 e - a +0 spear (weapon)
Missiles
 b - 14 stones (quivered)
 h - 15 tomahawks
Armour
 c - a +0 robe (worn)
Jewellery
 a - a ring of see invisible (left hand)
Scrolls
 g - 2 scrolls of enchant weapon {unknown}
 i - a scroll of identify {unknown}
Potions
 f - a potion of heal wounds {unknown}
 k - a potion of mutation {unknown}
Comestibles
 d - 3 rations


   Skills:
 - Level 1.7 Dodging
 - Level 2.4 Stealth
 * Level 2.9 Spellcasting
   Level 1.1 Transmutations
 * Level 4.3 Earth Magic


You had 6 spell levels left.
You knew the following spells:

 Your Spells              Type           Power        Failure   Level  Hunger
z - Sandblast             Erth           ###...       3%          1    #......

Your spell library contained the following spells:

 Spells                   Type           Power        Failure   Level  Hunger
 Stone Arrow              Conj/Erth      #.....       24%         3    ###....
 Passwall                 Tmut/Erth      ##......     10%         2    ##.....
 Lee's Rapid Deconstruct  Erth           ###.......   67%         5    ######.
 Petrify                  Tmut/Erth      ##......     54%         4    #####..


Dungeon Overview and Level Annotations

Branches:
Dungeon (1/15)

Altars:


Innate Abilities, Weirdness & Mutations

You cannot be hasted, slowed, berserked, paralysed or teleported.
You can dig through walls and to a lower floor.
Your four strong arms can wield two-handed weapons with a shield.
You have a pair of large antennae on your head. (SInv)


Message History

Things that are here:
a frilled lizard corpse; a jackal corpse You hit the bat but do no damage.
The bat closely misses you. The bat hits you but does no damage. x2
You hit the bat but do no damage. The bat misses you.
You hit the bat.
The bat is heavily wounded.
The bat hits you.
* * * LOW HITPOINT WARNING * * *
All of the chunks of flesh in your inventory have rotted away.
The bat barely misses you. The bat closely misses you.
The bat barely misses you. The bat misses you.
You hit the bat.
You kill the bat!
You open the door.
There is an open door here.
There is a staircase leading out of the dungeon here.
Are you sure you want to leave the Dungeon?
This will make you lose the game!
You have escaped!

#................##.####...
#.......##....#####.####...
#.......#####..............
#....#### #.'.#####.####...
#....# ##.#.### #.# #...
#....# #..#...###.####..)
#....# #..#.#.##.........
#....# #..#.#.##.........
#....# #@.'.#.##.........
#....# ##.#..............
#....# #.#.........##...
###### #.#.........##...
#.#.........##...
#.+.........#####
####........# # #........#
# ###'###### #


There were no monsters in sight!

Vanquished Creatures
  3 bats (D:1)
  3 giant cockroaches (D:1)
  3 goblins (D:1)
  3 hobgoblins (D:1)
  5 jackals (D:1)
  2 frilled lizards (D:1)
  A rat (D:1)
20 creatures vanquished.

Notes
Turn   | Place    | Note
-------+----------+-------------------------------------------
     0 | D:1      | kr3s1m1r the Formicid Earth Elementalist began the quest for the Orb.
     0 | D:1      | Reached XP level 1. HP: 13/13 MP: 3/3
   140 | D:1      | Reached XP level 2. HP: 9/19 MP: 0/5
   319 | D:1      | Reached skill level 4 in Earth Magic
   597 | D:1      | Reached XP level 3. HP: 23/24 MP: 0/7
   833 | D:$      | Got out of the dungeon alive.

Vault maps used:
D:1:      minmay_arrival_three_doors, dk_noncrumbling_3

Skill      XL: |  1  2 |
---------------+-------+-----
Earth Magic    | 4 |  4.3
Dodging        | |  1.7
Stealth        | |  2.4
Spellcasting   | |  2.9
Transmutations | |  1.1

Action                   || total
-------------------------++-------
Melee: Spear             ||    62
 Cast: Sandblast         ||    16
 Abil: Dig               ||     1
 Stab: Sleeping          ||     2
Armor: Robe              ||    11
Dodge: Dodged            ||    50

Table legend:
 A = Spawn XP
 B = Non-spawn XP
 C = Spawn XP percentage of total XP
 D = Spawn monster count
 E = Non-spawn monster count
 F = Spawn count percentage of total count
 G = Total turns spent on level
                    A         B        C        D         E        F      G
               +---------+---------+-------+---------+---------+-------+---------
         Total |       0 |      36 |   0.0 |       0 |      20 |   0.0 |   833
               +---------+---------+-------+---------+---------+-------+---------
           D:1 |       0 |      36 |   0.0 |       0 |      20 |   0.0 |   833
               +---------+---------+-------+---------+---------+-------+---------
